Cogmind - Beta 10.2 @@@ ROGUE MODE // 2020.11.27 @ 14:49:27 // Halloween2020/ForbiddenLore Player: ILikeMonsters1890 Result: Destroyed by G-47 Trooper with Particle Gun Performance ------------- Evolutions (2) 1000 Regions Visited (6) 1200 Robots Destroyed (34) 170 Value Destroyed (922) 922 Prototype IDs (1) 20 Alien Tech Used (0) 0 Bonus (300) 300 TOTAL SCORE: 3612 Bonus ------- Aligned with FarCom 300 Cogmind --------- Core Integrity 0/550 Matter 256/300 Energy 289/290 System Corruption 0% Temperature Cool (9) Movement Walking (150) Ox1 Location -8/Materials Parts ------- > --- POWER (2) -------- Light Ion Engine Improved Ion Engine > --- PROPULSION (3) --- Carbon-fiber Leg Carbon-fiber Leg > --- UTILITY (3) ------ Heat Sink High-capacity Storage Unit Structural Scanner > --- WEAPON (3) ------- Heavy Assault Rifle > --- INVENTORY (12) --- (None) Peak State ------------ > --- POWER ------------ Improved Ion Engine Improved Ion Engine > --- PROPULSION ------- Light Treads Light Treads Light Treads > --- UTILITY ---------- Cooling System High-capacity Storage Unit Light Armor Plating > --- WEAPON ----------- Beam Rifle Particle Cannon Field Lobotomy Kit > --- INVENTORY -------- Medium Laser Small Laser Heavy Assault Rifle [Rating: 25] Favorites ----------- Power Improved Ion Engine Engine Improved Ion Engine Propulsion Light Treads Treads Light Treads Leg Carbon-fiber Leg Utility High-capacity Storage Unit Device Heat Sink Storage High-capacity Storage Unit Processor Signal Interpreter Protection Light Armor Plating Weapon Particle Cannon Energy Gun Beam Rifle Energy Cannon Particle Cannon Ballistic Gun Heavy Assault Rifle Special Weapon Field Lobotomy Kit Build | -11 -10 -9 -9 -9 -8 -8 ------- Run | Scr Mat Mat Min Exi Min Mat Slots Evolved 4 | . . 2 . . . 2 Power 1 | . . . . . . 1 Propulsion 1 | . . 1 . . . . Utility 1 | . . 1 . . . . Weapon 1 | . . . . . . 1 Parts Attached 36 | 6 4 8 1 2 1 14 Power 5 | 1 . 1 . . . 3 Engine 5 | 1 . 1 . . . 3 Core . | . . . . . . . Reactor . | . . . . . . . Propulsion 7 | 2 . 1 1 . . 3 Treads 5 | 2 . 1 1 . . 1 Leg 2 | . . . . . . 2 Wheel . | . . . . . . . Hover . | . . . . . . . Flight . | . . . . . . . Utility 8 | 1 3 1 . . 1 2 Device 4 | . 1 . . . 1 2 Storage 2 | 1 1 . . . . . Processor 1 | . 1 . . . . . Hackware . | . . . . . . . Protection 1 | . . 1 . . . . Artifact . | . . . . . . . Weapon 16 | 2 1 5 . 2 . 6 Energy Gun 9 | 2 . 3 . 1 . 3 Energy Cannon 2 | . 1 1 . . . . Ballistic Gun 3 | . . 1 . . . 2 Ballistic Cannon . | . . . . . . . Launcher . | . . . . . . . Special Weapon 2 | . . . . 1 . 1 Impact Weapon . | . . . . . . . Slashing Weapon . | . . . . . . . Piercing Weapon . | . . . . . . . Special Melee Weapon . | . . . . . . . Unidentified Prototypes 1 | . . . . 1 . . Parts Lost 18 | . . 3 . . . 15 Power 2 | . . . . . . 2 Propulsion 5 | . . 1 . . . 4 Utility 2 | . . . . . . 2 Weapon 9 | . . 2 . . . 7 Highest Loss Streak 15 | . . 1 . . . 15 Average Slot Usage (%) 92 | . 98 89 100 100 100 57 Engine 11 | . 14 11 11 11 11 9 Treads 27 | . 28 26 33 33 33 10 Device 3 | . 9 . . . 1 7 Storage 11 | . 14 11 11 11 11 9 Processor 7 | . 3 11 11 11 10 . Protection 7 | . . 11 11 11 11 2 Energy Gun 12 | . 21 11 11 8 11 3 Energy Cannon 7 | . 6 4 11 11 11 3 Special Weapon 1 | . . . . 2 . 3 Naked Turns . | . . . . . . . Heaviest Build 66 | 13 43 49 49 54 51 66 Greatest Support 60 | 40 40 60 60 60 60 60 Greatest Overweight (x) 10 | . 1 1 . . . 10 Average Overweight (x) . | . . . . . . 2 Largest Inventory Capacity 12 | 6 12 12 12 12 12 12 Average Capacity 11 | 5 11 12 12 12 12 12 Most Carried 8 | 4 7 8 5 7 6 4 Average Carried 4 | 1 4 5 5 5 5 1 Final Capacity 12 | 6 12 12 12 12 12 12 Final Carried 7 | 2 7 6 5 6 5 . Class Distribution -------------------- 91% | Mutant 8% | Scavenger-Mutant Dominant Class ---------------- Mutant | -10/Materials Mutant | -9/Materials Mutant | -9/Mines Mutant | -9/Exiles Mutant | -8/Mines Scavenger-Mutant | -8/Materials Resources | -11 -10 -9 -9 -9 -8 -8 ----------- Run | Scr Mat Mat Min Exi Min Mat Matter Collected 533 | 251 49 70 10 . 22 131 Remotely . | . . . . . . . Salvage Created 1179 | . 410 157 48 . 31 533 Parts 85 | . 24 18 6 . 7 30 Haulers Intercepted . | . . . . . . . Recyclers Shooed 2 | . 1 . . . . 1 Parts Field Recycled . | . . . . . . . Retrieved Matter . | . . . . . . . Parts Self-Destructed . | . . . . . . . Prevented . | . . . . . . . Kills | -11 -10 -9 -9 -9 -8 -8 ------- Run | Scr Mat Mat Min Exi Min Mat Combat Hostiles Destroyed 32 | . 12 5 3 . 3 9 Melee 1 | . . . . . . 1 Guns 20 | . 7 5 3 . 1 4 Cannons 10 | . 5 . . . 1 4 AOE 1 | . . . . . 1 . Classes Destroyed 5 | . 3 1 . . . 1 Builder 1 | . . . . . . 1 Tunneler 1 | . 1 . . . . . Swarmer 14 | . 5 3 3 . 3 . Grunt 14 | . 7 1 . . . 6 Sentry 4 | . . 1 . . . 3 Best Kill Streak 7 | . 3 3 3 . 3 7 Combat Bots Only 6 | . 3 3 3 . 3 6 Max Kills in Single Turn 2 | . 1 1 1 . 1 2 Gunslinging . | . . . . . . . Exploded 1 | . . . . . 1 . Melee 1 | . . . . . . 1 Uniques/NPCs Destroyed . | . . . . . . . Combat | -11 -10 -9 -9 -9 -8 -8 -------- Run | Scr Mat Mat Min Exi Min Mat Damage Taken 2536 | . 354 257 26 . 86 1813 Core 694 | . 60 31 9 . 39 555 Absorbed by Shields . | . . . . . . . Core Remaining (%) 85 | 100 76 . . . 80 . Volleys Fired 110 | . 32 11 4 . 4 59 Largest 2 | . 2 2 2 . 2 2 Hottest 124 | . 100 124 124 . 124 124 Shots Fired 181 | . 64 17 8 . 8 84 Gun 127 | . 42 12 4 . 4 65 Cannon 54 | . 22 5 4 . 4 19 Launcher . | . . . . . . . Special . | . . . . . . . Kinetic 34 | . . . . . . 34 Thermal 108 | . 32 10 8 . 8 50 Explosive . | . . . . . . . Electromagnetic 39 | . 32 7 . . . . Robot Hit Streak 10 | . 7 4 3 . 4 10 Robot Miss Streak 3 | . 3 2 1 . 3 3 Penetration Max . | . . . . . . . Secondary Targets 1 | . 1 . . . . . Max Gunslinging Chain 1 | . 1 . . . . . Shots Hit Robots 107 | . 32 9 4 . 2 60 Core Hits 56 | . 18 7 3 . 3 25 Critical Hits 2 | . . . . . . 2 Critical Kills 1 | . . . . . . 1 Critical Parts Destroyed 1 | . . . . . . 1 Melee Attacks . | . . . . . . . Impact . | . . . . . . . Slashing . | . . . . . . . Piercing . | . . . . . . . Sneak Attacks . | . . . . . . . Combat Hostiles . | . . . . . . . Follow-up Attacks . | . . . . . . . Damage Inflicted 1841 | . 553 135 45 . 118 990 Guns 1183 | . 286 96 45 . 15 741 Cannons 538 | . 232 39 . . 20 247 Explosions 118 | . 35 . . . 83 . Melee . | . . . . . . . Ramming 2 | . . . . . . 2 Kinetic 369 | . . . . . . 369 Thermal 1177 | . 316 79 45 . 118 619 Explosive . | . . . . . . . Electromagnetic 293 | . 237 56 . . . . Impact . | . . . . . . . Slashing . | . . . . . . . Piercing . | . . . . . . . Highest Corruption 1 | . 1 . . . . . Average Corruption 1 | . 1 . . . . . Corruption Purged . | . . . . . . . Effects 1 | . 1 . . . . . Targeting Errors 1 | . 1 . . . . . Overload Shots . | . . . . . . . Overflow Damage 12 | . 8 . . . 4 . Projectiles 8 | . 8 . . . . . Explosions 4 | . . . . . 4 . Melee . | . . . . . . . Knockbacks . | . . . . . . . Impact . | . . . . . . . Kinetic . | . . . . . . . Secondary . | . . . . . . . Self-Inflicted Damage 23 | . 22 . . . . 1 Shots 1 | . 1 . . . . . Rammed 1 | . . . . . . 1 Targets Rammed 1 | . . . . . . 1 Kicked . | . . . . . . . Crushed . | . . . . . . . Highest Temperature 248 | . 246 144 198 . 248 198 Average Temperature 85 | . 75 48 87 . 136 105 Received Heat Transfer 918 | . 114 66 . . . 738 Siege Activations . | . . . . . . . Robots Corrupted . | . . . . . . . Combat Hostiles . | . . . . . . . Parts Fried . | . . . . . . . Impact Corruptions . | . . . . . . . Robots Melted . | . . . . . . . Combat Hostiles . | . . . . . . . Parts Melted 2 | . 1 . . . . 1 Heat Transferred 2556 | . 679 185 111 . 174 1407 Parts Sabotaged . | . . . . . . . Parts Stolen . | . . . . . . . Parts Stripped . | . . . . . . . Power Chain Reactions 1 | . 1 . . . . . Missiles Intercepted . | . . . . . . . Alert | -11 -10 -9 -9 -9 -8 -8 ------- Run | Scr Mat Mat Min Exi Min Mat Peak Influence 265 | . 265 229 158 . 94 188 Initial 88 | . . 84 88 . . 36 Average 111 | . 106 162 133 . 16 123 Maximum Alert Level 1 | . 1 1 . . . . Low Security (%) 89 | 100 80 75 100 . 100 100 Level 1 10 | . 19 24 . . . . Level 2 . | . . . . . . . Level 3 . | . . . . . . . Level 4 . | . . . . . . . Level 5 . | . . . . . . . High Security . | . . . . . . . Max Security . | . . . . . . . Squads Dispatched 6 | . 3 2 . . . 1 Investigation 3 | . 2 1 . . . . Extermination . | . . . . . . . Reinforcement 3 | . 1 1 . . . 1 Assault . | . . . . . . . Garrison . | . . . . . . . Intercept . | . . . . . . . Construction Impeded . | . . . . . . . Haulers Reinforced . | . . . . . . . Stealth | -11 -10 -9 -9 -9 -8 -8 --------- Run | Scr Mat Mat Min Exi Min Mat Distress Signals 2 | . . . . . . 2 Communications Jammed . | . . . . . . . Distress Signals . | . . . . . . . Times Spotted 45 | . 18 7 2 . 3 15 Peak Tracking Total 5 | . 3 4 2 . 3 5 Tactical Retreats 1 | . 1 . . . . . Traps | -11 -10 -9 -9 -9 -8 -8 ------- Run | Scr Mat Mat Min Exi Min Mat Traps Triggered 1 | . 1 . . . . . Indirectly . | . . . . . . . Trap Hack Attempts . | . . . . . . . Triggered . | . . . . . . . Disarmed . | . . . . . . . Reprogrammed . | . . . . . . . Reused . | . . . . . . . Traps Extracted . | . . . . . . . Installed . | . . . . . . . Triggered . | . . . . . . . Machines | -11 -10 -9 -9 -9 -8 -8 ---------- Run | Scr Mat Mat Min Exi Min Mat Machines Disabled 3 | . 1 . . . 1 1 Max in Single Turn 1 | . 1 . . . 1 1 Machines Sabotaged . | . . . . . . . Garrisons Compromised . | . . . . . . . Overloaded Fab Kills . | . . . . . . . Fab Network Shutdowns . | . . . . . . . Hacking | -11 -10 -9 -9 -9 -8 -8 --------- Run | Scr Mat Mat Min Exi Min Mat Machines Accessed 10 | . 2 3 . 4 . 1 Terminals 3 | . . 2 . . . 1 Fabricators . | . . . . . . . Repair Stations . | . . . . . . . Recycling Units 3 | . 2 1 . . . . Scanalyzers . | . . . . . . . Garrison Access . | . . . . . . . Total Hacks 66 | . 5 5 . 49 . 7 Successful 59 | . 4 2 . 49 . 4 Failed 7 | . 1 3 . . . 3 Catastrophic 1 | . . 1 . . . . Database Lockouts . | . . . . . . . Manual 10 | . 6 1 . 3 . . Terminals 11 | . . 4 . . . 7 Fabricators . | . . . . . . . Repair Stations . | . . . . . . . Recycling Units 6 | . 5 1 . . . . Scanalyzers . | . . . . . . . Garrison Access . | . . . . . . . Terminal Hacks 54 | . . 1 . 49 . 4 Record 50 | . . . . 49 . 1 Branch Access Points 1 | . . 1 . . . . Alert Level 1 | . . . . . . 1 Dispatch Records 1 | . . . . . . 1 Patrol Status 1 | . . . . . . 1 Fabricator Hacks . | . . . . . . . Repair Station Hacks . | . . . . . . . Recycling Unit Hacks 2 | . 2 . . . . . Report Inventory 1 | . 1 . . . . . Retrieve Components 1 | . 1 . . . . . Scanalyzer . | . . . . . . . Garrison Access Hacks . | . . . . . . . Unauthorized Hacks 3 | . 2 1 . . . . Terminals . | . . . . . . . Fabricators . | . . . . . . . Repair Stations . | . . . . . . . Recycling Units 3 | . 2 1 . . . . Tunnel 3 | . 2 1 . . . . Scanalyzers . | . . . . . . . Garrison Access . | . . . . . . . Data Cores Recovered . | . . . . . . . Used . | . . . . . . . Hacking Detections 4 | . 1 2 . . . 1 Full Trace Events . | . . . . . . . Feedback Events . | . . . . . . . Feedback Blocked . | . . . . . . . Robot Schematics Acquired . | . . . . . . . Robots Built . | . . . . . . . Matter . | . . . . . . . Time . | . . . . . . . Total Robot Build Rating . | . . . . . . . Part Schematics Acquired . | . . . . . . . Parts Built . | . . . . . . . Matter . | . . . . . . . Time . | . . . . . . . Total Part Build Rating . | . . . . . . . Parts Repaired . | . . . . . . . Time . | . . . . . . . Parts Recycled . | . . . . . . . Recycled Matter . | . . . . . . . Retrieved Matter . | . . . . . . . Retrieved Components 8 | . 8 . . . . . Parts Scanalyzed . | . . . . . . . Part Schematics Acquired . | . . . . . . . Parts Damaged . | . . . . . . . Bothacking | -11 -10 -9 -9 -9 -8 -8 ------------ Run | Scr Mat Mat Min Exi Min Mat Used RIF Installer . | . . . . . . . Robots Hacked . | . . . . . . . Non-combat . | . . . . . . . Combat . | . . . . . . . Robot Hacks Applied . | . . . . . . . Relay Couplers Released . | . . . . . . . Robots Rewired . | . . . . . . . Allies Hacked . | . . . . . . . Hacks Repelled . | . . . . . . . Allies | -11 -10 -9 -9 -9 -8 -8 -------- Run | Scr Mat Mat Min Exi Min Mat Total Allies . | . . . . . . . Largest Group . | . . . . . . . Highest-Rated Group . | . . . . . . . Highest-Rated Ally . | . . . . . . . Total Orders . | . . . . . . . Ally Attacks . | . . . . . . . Total Damage . | . . . . . . . Kills . | . . . . . . . Allies Corrupted . | . . . . . . . Allies Melted . | . . . . . . . Intel | -11 -10 -9 -9 -9 -8 -8 ------- Run | Scr Mat Mat Min Exi Min Mat Robot Analysis Total . | . . . . . . . Derelict Logs Recovered 1 | . . . 1 . . . Drone Launches . | . . . . . . . Drone Recoveries . | . . . . . . . Exploration | -11 -10 -9 -9 -9 -8 -8 ------------- Run | Scr Mat Mat Min Exi Min Mat Turns Passed 2063 | 73 511 247 233 610 108 281 Spaces Moved 1017 | 46 225 117 138 378 60 53 Core 18 | 12 . . . . . 6 Treads 972 | 34 225 117 138 378 60 20 Legs 27 | . . . . . . 27 Wheels . | . . . . . . . Hover . | . . . . . . . Flight . | . . . . . . . Fastest Speed 50 | 50 160 160 160 160 160 150 Average Speed 166 | 131 179 170 160 160 160 207 Slowest Speed 550 | 160 180 180 160 160 160 550 Overloaded Moves . | . . . . . . . Propulsion Burnouts . | . . . . . . . Robots Hopped . | . . . . . . . Cave-ins Triggered . | . . . . . . . Exploration Rate (%) 28 | 5 40 13 47 72 16 6 Regions Visited 6 Branch Regions 3 Pre-discovered Areas 4 | . 2 1 . 1 . . Known Exits Taken 5 | . 1 1 1 1 1 . Unknown Exits Taken 1 | 1 . . . . . . Scrap Searched . | . . . . . . . Spaces Dug . | . . . . . . . Terrain Destroyed 15 | . 4 . . . 11 . Melee . | . . . . . . . Projectile . | . . . . . . . AOE 15 | . 4 . . . 11 . Terrain Rammed . | . . . . . . . Walls Destroyed . | . . . . . . . Machines Disabled . | . . . . . . . Actions | -11 -10 -9 -9 -9 -8 -8 --------- Run | Scr Mat Mat Min Exi Min Mat Total 1202 | 59 268 148 142 384 64 137 Wait 2 | . . . . 1 . 1 Move 1011 | 45 224 116 137 377 59 53 Hop . | . . . . . . . Pick Up 34 | 8 7 8 . 2 . 9 Fast Attach . | . . . . . . . Attach 27 | 6 1 4 1 1 . 14 Detach 1 | . . . . 1 . . Swap 9 | . 3 4 . 1 1 . Drop 7 | . 1 5 . 1 . . Fire 110 | . 32 11 4 . 4 59 Melee . | . . . . . . . Ram 1 | . . . . . . 1 Kick . | . . . . . . . Crush . | . . . . . . . Escape Stasis . | . . . . . . . Rewire . | . . . . . . . Trap . | . . . . . . . Miscellaneous . | . . . . . . . Route ------- -11/Scrapyard -10/Materials -9/Materials (discovered 2 exits: *Min x2) -9/Mines (discovered 3 exits: *Mat / *Exi / *Zio) -9/Exiles -8/Mines -8/Materials History --------- Turn | Location | Event 17 | -11/Scrapyard | Discovered new exit (range 15) 74 | -11/Scrapyard | Entered Materials 321 | -10/Materials | Build established: Mutant 552 | -10/Materials | Discovered new exit (range 12) 583 | -10/Materials | Identified exit to Materials 585 | -10/Materials | Entered another Materials area 585 | -9/Materials | Evolved 2 slots: Propulsion x1, Utility x1 799 | -9/Materials | Identified exit to Mines 832 | -9/Materials | Entered Mines 883 | -9/Mines | Identified exit to Exiles 885 | -9/Mines | A weapon hastily lodged in a ceiling crevice suddenly fell to the ground 1000 | -9/Mines | A Derelict revealed a hidden shortcut to a safe place 1013 | -9/Mines | Identified exit to Zion 1028 | -9/Mines | Discovered new exit (range 10) 1041 | -9/Mines | Identified exit to Materials 1058 | -9/Mines | Deemed a non-threat by the Exiles lab entrance 1065 | -9/Mines | Entered Exiles 1107 | -9/Exiles | Met 8R-AWN 1133 | -9/Exiles | Met EX-HEX 1213 | -9/Exiles | Met EX-DEC 1253 | -9/Exiles | Learned location of Zion (-7) 1281 | -9/Exiles | Met EX-BIN 1310 | -9/Exiles | Aligned with FarCom system 1311 | -9/Exiles | Given EX-Vault access code 1409 | -9/Exiles | Opened EX-Vault 1418 | -9/Exiles | Found Prototype Special Weapon 1419 | -9/Exiles | Identified Field Lobotomy Kit 1459 | -9/Exiles | Warned to stay clear of 0b10 Research branches 1590 | -9/Exiles | Discovered new exit (range 11) 1603 | -9/Exiles | Identified exit to Mines 1675 | -9/Exiles | Left Exiles lab with Field Lobotomy Kit 1675 | -9/Exiles | Entered Mines 1757 | -8/Mines | Discovered exit to Materials (range 6) 1783 | -8/Mines | Entered Materials 1783 | -8/Materials | Evolved 2 slots: Power x1, Weapon x1 1943 | -8/Materials | Core integrity fell below 50% 1969 | -8/Materials | Core integrity fell below 20% 1997 | -8/Materials | Lost 15 parts (2p4n2u7w) 2064 | -8/Materials | Destroyed by G-47 Trooper with Particle Gun Last Messages --------------- Acquired Carbon-fiber Leg. K-01 Serf collects debris. Acquired 10 matter. R-06 Scavenger collects Particle Gun. Acquired Carbon-fiber Leg. R-06 Scavenger collects Imp. Heat Sink. Acquired 10 matter. R-06 Scavenger collects Aluminum Leg. Acquired Heat Sink. Acquired 10 matter. Acquired Imp. Ion Engine. Acquired Hvy. Assault Rifle. Acquired 20 matter. Acquired Lgt. Ion Engine. W-25 Informer sends out distress signal. Acquired Structural Scanner. K-01 Serf collects debris. K-01 Serf cleans the Atomic Centrifuge. Atomic Centrifuge disabled. K-01 Serf collects debris. Map ----- +----------------------------------------------------+ | | | | | ?????????????????????????????????????????????????? | | ?????????????????????????????????????????????????? | | ?????????????????????????????????????????????????? | | ?????????????????????????????????????????????????? | | ?????????????????????????????????????????????????? | | ?????????????????????????????????????????????????? | | ?????????????????????????????????????????????????? | | ?????????????????????????????????????????????????? | | ?????????????????????????????????????????????????? | | ?????????????????????????????????????????????????? | | ???????????????#####?????????????????????????????? | | ???????????????# #?????????????????????????????? | | ???????????????# #?????????????????????????????? | | ???????????????# #?????????????????????????????? | | ???????????????# #?????????????????????????????? | | ???????????????# ############??????????????????? | | ???????????????# ??????????????? | | ??????? "??????# ??????????????? | | ??????? ""?????# #############?????????????????? | | ?????????"""???# # #????????????????????? | | ?????????? ??# # """g #????????????????????? | | ????????####+### /u" " #????????????????????? | | ????????# # "" #????????????????????? | | ????????# # gk@ #????????????????????? | | ????????# " ! =# """ #????????????????????? | | ????????# """ % # """ #????????????????????? | | ????????# """ = # """ #???????????????Y????? | | ????????# """" %! # g #????????????????????? | | ????????# """ ##########????????????????????? | | ?# = #?????????????????????????????? | | ?# !% #?????????????????????????????? | | ?# % #?????????????????????????????? | | ??############## #?????????????????????????????? | | ???????????????#!% #?????????????????????????????? | | ???????????????#| #?????????????????????????????? | | ???????????????+=% +?????????????????????????????? | | ???????????????#% #?????????????????????????????? | | ???????????????# %%#?????????????????????????????? | | ???????????????#% #?????????????????????????????? | | ??????????????? % ?????????????????????????????? | | ??????????????? ?????????????????????????????? | | ??????????????? ?????????????????????????????? | | ??????????????? ?????????????????????????????? | | ??????????????? ]#????????????????????????????? | | ????????????????###??????????????????????????????? | | ?????????????????????????????????????????????????? | | ?????????????????????????????????????????????????? | | ?????????????????????????????????????????????????? | +----------------------------------------------------+ Best States ------------- Heat Dissipation 53 Energy Generation 19 Energy Capacity 430 Matter Stores 300 Matter Capacity 300 Sight Range 16 Terrain Scan Density 10 Armor Coverage 150 Evasion (%) 40 Recoil Reduction 3 Item Schematics ----------------- None Robot Schematics ------------------ None Fabricated ------------ Nothing Alien Tech Used ----------------- None Achievements -------------- Brute Force Challenges ------------ None Game ------ Seed AntigravSegregatorLaser Manual? 0 Play Time 00:40:25 Cumulative 8.2 hours Start 2020.11.27 @ 14:06:10 End 2020.11.27 @ 14:49:27 Sessions 1 Manual Loads 0 Difficulty Rogue Special Mode Halloween2020/ForbiddenLore Game No. 12 Rogue 12 Adventurer 0 Explorer 0 Win Type - Total 0 Types 0/0/0/0/0/0/0/0/0 Lore% 14 Gallery% 11 Achievement% 10 Wizard Run 0 Options --------- ASCII 0 Keyboard 0 Movement Numpad Keybinds 0 Fullscreen 1 Font 18/SmallcapsGlow Map View 76x50 Tactical HUD 0 Map Filters NONE Filters NONE Steam 1 RUN: 727df0c3-27e3-44f4-905a-8c7689368f93